 Dungeon Crawl Stone Soup version 0.28-a0-503-g83f2989fac (webtiles) character file.

Game seed: 542571143509450061

92 Borgoz the Sneak (level 4, 0/22 (25) HPs)
             Began as a Kobold Enchanter on Sept 21, 2021.
             Slain by an orc (1 damage)
             ... on level 3 of the Dungeon.
             The game lasted 00:04:09 (2850 turns).

Borgoz the Sneak (Kobold Enchanter)                 Turns: 2850, Time: 00:04:09

HP:   0/22 (25)     AC:  3    Str:  6    XL:     4   Next: 90%
MP:   7/7           EV: 14    Int: 16    God:
Gold: 1050          SH:  0    Dex: 15    Spells: 5/8 levels left

rFire   . . .      SeeInvis .   a - +1 dagger
rCold   . . .      Faith    .   (shield restricted)
rNeg    . . .      Spirit   .   c - +0 leather armour
rPois   +          Reflect  .   (no helmet)
rElec   .          Harm     .   (no cloak)
rCorr   .          Rampage  .   (no gloves)
Will    .....                   (no boots)
Stlth   +++.......              (no amulet)
HPRegen 0.07/turn               d - ring of poison resistance
MPRegen 0.10/turn               j - ring of flight

@: flying, heavily drained
A: small, no large weapons, nightstalker 3
a: no special abilities


You were on level 3 of the Dungeon.
You visited 1 branch of the dungeon, and saw 4 of its levels.

You collected 1050 gold pieces.

Inventory:

Hand Weapons
 a - a +1 dagger (weapon)
Armour
 c - a +0 leather armour (worn)
Jewellery
 d - a ring of poison resistance (left hand)
 j - a ring of flight (right hand)
Scrolls
 h - a scroll of blinking {unknown}
 m - a scroll of summoning {unknown}
 n - a scroll of immolation {unknown}
 o - a scroll of identify {unknown}
 p - a scroll of magic mapping {unknown}
Potions
 b - a potion of flight {unknown}
 e - a potion of lignification {unknown}
 f - 2 potions of curing {unknown}
 g - 2 potions of heal wounds {unknown}
 i - a potion of degeneration {unknown}
 k - a potion of might {unknown}
 l - a potion of attraction {unknown}


   Skills:
 + Level 1.2 Fighting
 * Level 2.6 Short Blades
 * Level 1.1 Armour
 * Level 3.3 Dodging
 + Level 4.5 Stealth
 + Level 2.5 Spellcasting
 + Level 3.1 Hexes


You had 5 spell levels left.
You knew the following spells:

 Your Spells              Type           Power      Damage    Failure   Level
a - Confusing Touch       Hex            12%        N/A       26%         3

Your spell library contained the following spells:

 Spells                   Type           Power      Damage    Failure   Level
 Ensorcelled Hibernation  Hex/Ice        14%        N/A       24%         2
 Tukima's Dance           Hex            12%        N/A       26%         3
 Dazzling Flash           Conj/Hex       14%        N/A       43%         3


Dungeon Overview and Level Annotations

Branches:
Dungeon (4/15)
 Temple: D:4-7

Altars:
Sif Muna


Innate Abilities, Weirdness & Mutations

You are small and have problems with some larger weapons.
You are completely attuned to the shadows.


Message History

The orc is almost dead.
The orc hits you with a +0 club.
You closely miss the orc.
The orc is almost dead.
You hit the orc.
You kill the orc!
You hit the orc.
The orc is lightly wounded.
The orc completely misses you.
You barely miss the orc.
The orc is lightly wounded.
The orc hits you with a +0 hand axe of draining.
You feel drained.
You barely miss the orc.
The orc is lightly wounded.
The orc hits you with a +0 hand axe of draining.
* * * LOW HITPOINT WARNING * * *
You feel drained.
* * * LOW HITPOINT WARNING * * *
You hit the orc.
The orc is heavily wounded.
The orc barely misses you.
You barely miss the orc.
The orc is heavily wounded.
The orc hits you with a +0 hand axe of draining.
* * * LOW HITPOINT WARNING * * *
You feel drained.
* * * LOW HITPOINT WARNING * * *
You hit the orc.
You kill the orc!
You hit the orc but do no damage.
The orc is moderately wounded.
You hit the orc but do no damage.
The orc is moderately wounded.
The orc hits you with a +0 dagger.
* * * LOW HITPOINT WARNING * * *
You hit the orc.
The orc is severely wounded.
The orc hits you with a +0 dagger.
You die...

.....#..........).##
.#..................
.#..###.............
.....[............###
....###..###.........
.#### #..# ####..###
## #..# ##.# # #..#
#o# ## #..# #@#
.######..# #.#
.........# #.#
.######(## #.# ## #<#
#.# ### #.# #.# ...
..# #.# ### #### #.#
################.#


You could see an orc.

Vanquished Creatures
  A hound skeleton (D:4)
  2 adders (D:2)
  A worm (D:2)
  2 dart slugs (D:1)
  5 orcs
  3 endoplasms
  5 giant cockroaches
  7 hobgoblins
  2 kobolds
  7 bats
  A frilled lizard (D:2)
  4 goblins
  9 rats
49 creatures vanquished.

Notes
Turn   | Place    | Note
-------+----------+-------------------------------------------
     0 | D:1      | Borgoz the Kobold Enchanter began the quest for the Orb.
     0 | D:1      | Reached XP level 1. HP: 10/10 MP: 3/3
   228 | D:1      | Reached XP level 2. HP: 11/15 MP: 5/5
   865 | D:1      | Noticed a floating eye
   866 | D:1      | Found a faded altar of an unknown god.
   866 | D:1      | Noticed a shining eye
  1328 | D:1      | Reached XP level 3. HP: 14/20 MP: 6/6
  1476 | D:1      | Noticed an eye of devastation
  1525 | D:1      | Noticed an eye of devastation
  1552 | D:1      | Identified a scroll of acquirement
  1552 | D:1      | Acquired 956 gold pieces
  1595 | D:2      | Learned a level 3 spell: Confusing Touch
  1875 | D:2      | Reached skill level 1 in Armour
  2035 | D:2      | Reached XP level 4. HP: 24/24 MP: 7/7
  2081 | D:2      | Reached skill level 1 in Fighting
  2216 | D:2      | You are sucked into a shaft and drop 2 floors!
  2768 | D:3      | Found a shimmering blue altar of Sif Muna.
  2849 | D:3      | HP: 1/22 [orc (2)]
  2850 | D:3      | Slain by an orc

Illustrated notes

Levels and vault maps discovered:
D:1:      lemuel_arrival_cross, layout_loops_corners,
          hellmonk_ecumenical_altar_watching_god
D:2:      layout_basic, minmay_ruptured
D:3:      layout_loops_ring, mainiacjoe_overflow_catwalk_spiral,
          minmay_divided_ellipse
D:4:      layout_loops_cross, serial_shops, nicolae_shop_trees,
          uniq_crazy_yiuf_cottage, uniq_robin, uniq_duvessa, uniq_ijyb

Skill      XL: |  1  2  3  4 |
---------------+-------------+-----
Short Blades   | 2 |  2.6
Dodging        | 3 |  3.3
Armour         | 1 |  1.1
Fighting       | 1 |  1.2
Stealth        | |  4.5
Spellcasting   | |  2.5
Hexes          | |  3.1

Action                   |  1- 3 |  4- 6 || total
-------------------------+-------+-------++-------
Melee: Dagger            |   108 |    70 ||   178
  Use: Scroll            |     1 |       ||     1
       Potion            |       |     1 ||     1
 Stab: Sleeping          |    15 |    10 ||    25
Armor: Robe              |    13 |     5 ||    18
       Leather armour    |       |     3 ||     3
Dodge: Dodged            |    57 |    39 ||    96

Table legend: (Time is in decaauts)
 A = Elapsed time spent in this place.
 B = Non-inter-level travel time spent in this place.
 C = Inter-level travel time spent in this place.
 D = Time resting spent in this place.
 E = Time spent auto-exploring this place.
 F = Levels seen in this place.
 G = Mean time per level.
                   A        B        C        D        E       F      G
               +--------+--------+--------+--------+--------+-----+--------+
         Total |   2830 |   2776 |     54 |    664 |   1696 |   4 |  707.5 |
       Dungeon |   2830 |   2776 |     54 |    664 |   1696 |   4 |  707.5 |
               +--------+--------+--------+--------+--------+-----+--------+

Top non-repeatable levels by time:
     D:1: 1578 daAuts
     D:2: 805 daAuts
     D:3: 366 daAuts
     D:4: 80 daAuts
